 Dungeon Crawl Stone Soup version 0.21-a0-509-gecc5317 (webtiles) character file.

160 Gildeon the Shooter (level 5, -8/41 HPs)
             Began as a Centaur Hunter on Nov 29, 2017.
             Was a Follower of Vehumet.
             Mangled by an ogre
             ... wielding a cursed +0 giant spiked club
              (12 damage)
             ... on level 3 of the Dungeon.
             The game lasted 00:11:25 (2670 turns).

Gildeon the Shooter (Centaur Hunter)                Turns: 2670, Time: 00:11:26

Health: -8/41      AC:  4    Str: 14    XL:     5   Next: 17%
Magic:  5/5        EV:  6    Int: 10    God:    Vehumet [*.....]
Gold:   87         SH:  8    Dex: 11    Spells: 4/4 levels left

rFire    . . .     SeeInvis .   e - -1 dagger (curse)
rCold    . . .     Gourm    .   b - +2 shield
rNeg     . . .     Faith    .   g - +0 leather armour (curse)
rPois    .         Spirit   .   (no helmet)
rElec    .         Reflect  .   (no cloak)
rCorr    .         Harm     .   (no gloves)
MR       .....                  (no barding)
Stlth    +.........             (no amulet)
HPRegen  0.13/turn              (no ring)
MPRegen  0.09/turn              (no ring)

@: drained, very quick
A: large, hooves 3, deformed body, speed 2, tough skin 3
a: Renounce Religion


You were on level 3 of the Dungeon.
You worshipped Vehumet.
Vehumet was aware of your devotion.
You were not hungry.

You visited 1 branch of the dungeon, and saw 3 of its levels.

You collected 87 gold pieces.

Inventory:

Hand Weapons
 a - a +1 shortbow
 e - a cursed -1 dagger (weapon)
 h - a +0 short sword
 p - a +0 whip of draining
Missiles
 d - 31 arrows
Armour
 b - a +2 shield (worn)
 c - a +0 leather armour
 g - a cursed +0 leather armour (worn)
 j - a +0 chain mail
 k - a +0 ring mail
Wands
 m - a wand of digging (13)
Potions
 q - a potion of curing
Comestibles
 f - 2 bread rations
 i - 2 royal jellies
 l - a meat ration
 n - 2 fruits
 o - a chunk of flesh


   Skills:
 - Level 2.0(1.3) Fighting
 - Level 4.4(3.7) Short Blades
 + Level 5.4(4.7) Bows
 - Level 1.3(0.7) Dodging
 - Level 0.4(0.0) Stealth


You had 4 spell levels left.
You didn't know any spells.

Dungeon Overview and Level Annotations

Branches:
Dungeon (3/15)

Altars:
Trog
Vehumet
Yredelemnul


Innate Abilities, Weirdness & Mutations

You have hooves in place of feet.
Armour fits poorly on your strangely shaped body.
You cover ground very quickly.
You have extremely tough skin. (AC +3)


Message History

Vehumet accepts your kill.
You closely miss the ogre. You kick the ogre!
The ogre is moderately wounded.
The ogre barely misses you.
You hit the ogre but do no damage. You kick the ogre.
The ogre is heavily wounded.
You hit the ogre. You kick the ogre.
The ogre is severely wounded.
The ogre hits you with a giant spiked club!!
* * * LOW HITPOINT WARNING * * *
You hit the ogre but do no damage. You kick the ogre.
The ogre is severely wounded.
You hit the ogre.
The ogre is almost dead.
The ogre hits you with a giant spiked club!
* * * LOW HITPOINT WARNING * * *
You hit the ogre.
The ogre is almost dead.
The ogre hits you with a giant spiked club!
You die...

######## .......# .......#
.......# ..รท....# ####
.......############# ....?
................@O.#....!.
.......###########..>.....
.......# ###......
.......# ..... .......#
.... ...#.)## ...
##..#..## .. ##.##..### .
#.......##


You could see an ogre.

Vanquished Creatures
  2 hounds
  3 adders
  A dart slug (D:2)
  7 leopard geckos
  4 giant cockroaches
  8 goblins
  7 hobgoblins
  7 kobolds
  2 quokkas (D:2)
  7 bats
  7 frilled lizards
  10 rats
65 creatures vanquished.

Notes
Turn   | Place    | Note
-------+----------+-------------------------------------------
     0 | D:1      | Gildeon the Centaur Hunter began the quest for the Orb.
     0 | D:1      | Reached XP level 1. HP: 17/17 MP: 1/1
    63 | D:1      | Reached skill level 1 in Short Blades
   110 | D:1      | Reached XP level 2. HP: 24/24 MP: 2/2
   925 | D:1      | Reached XP level 3. HP: 28/29 MP: 3/3
  1038 | D:1      | Reached XP level 4. HP: 15/36 MP: 4/4
  1385 | D:2      | Found a radiant altar of Vehumet.
  1389 | D:2      | Became a worshipper of Vehumet
  1400 | D:2      | Found a bloodstained altar of Trog.
  1693 | D:2      | Found a basalt altar of Yredelemnul.
  2321 | D:3      | Reached XP level 5. HP: 31/41 MP: 5/5
  2654 | D:3      | Noticed an ogre
  2661 | D:3      | Reached * piety under Vehumet
  2661 | D:3      | Offered knowledge of Sting by Vehumet.
  2670 | D:3      | Mangled by an ogre

Vault maps used:
D:1:      minmay_arrival_arboretum_small, minmay_pentomino_q4
D:2:      amethyst_overflow_temple_binary, yredelemnul_altar_generic,
          minmay_bisected
D:3:      gammafunk_steamed_eel, first_bread

Skill      XL: |  1  2  3  4 |
---------------+-------------+-----
Short Blades   | 1 2 3 4 |  4.4
Fighting       | |  2.0
Bows           | |  5.4
Dodging        | |  1.3
Stealth        | |  0.4

Action                   |  1- 3 |  4- 6 || total
-------------------------+-------+-------++-------
Melee: Dagger            |   125 |   176 ||   301
       Kick              |    24 |    40 ||    64
 Fire: Shortbow          |     8 |       ||     8
Evoke: Wand              |       |     1 ||     1
  Use: Scroll            |     3 |     5 ||     8
       Potion            |       |     2 ||     2
  Eat: Chunk             |       |     5 ||     5
Armor: Leather armour    |    13 |    61 ||    74
       Ring mail         |    34 |     1 ||    35
Dodge: Dodged            |    29 |    71 ||   100
Block: Shield            |    47 |    88 ||   135

Table legend:
 A = Spawn XP
 B = Non-spawn XP
 C = Spawn XP percentage of total XP
 D = Spawn monster count
 E = Non-spawn monster count
 F = Spawn count percentage of total count
 G = Total turns spent on level
                    A         B        C        D         E        F      G
               +---------+---------+-------+---------+---------+-------+---------
         Total |       0 |     229 |   0.0 |       0 |      65 |   0.0 |  2670
               +---------+---------+-------+---------+---------+-------+---------
           D:1 |       0 |     101 |   0.0 |       0 |      29 |   0.0 |  1248
           D:2 |       0 |      88 |   0.0 |       0 |      20 |   0.0 |  1033
           D:3 |       0 |      40 |   0.0 |       0 |      16 |   0.0 |   389
               +---------+---------+-------+---------+---------+-------+---------
